Cogmind - Beta 10.2 @@@ ROGUE MODE // 2020.11.02 @ 18:52:16 Player: Michael Result: Self-destructed Performance ------------- Evolutions (1) 500 Regions Visited (4) 800 Robots Destroyed (59) 295 Value Destroyed (1042) 1042 Prototype IDs (1) 20 Alien Tech Used (0) 0 Bonus (-73) -73 TOTAL SCORE: 2584 Bonus ------- Follower Combat Kills 67 Friendly Fire -140 Cogmind --------- Core Integrity 20/400 Matter 241/300 Energy 280/280 System Corruption 0% Temperature Cool (20) Movement Core (1300) Ox25 Location -9/Mines Parts ------- > --- POWER (1) -------- Cooled Ion Engine > --- PROPULSION (2) --- (None) > --- UTILITY (3) ------ High-capacity Storage Unit High-capacity Storage Unit Signal Interpreter > --- WEAPON (3) ------- Improved Light Cannon > --- INVENTORY (20) --- Cooled Ion Engine Titanium Leg Wheel Wheel Armored Wheel Medium Storage Unit High-capacity Storage Unit Large Matter Pod (150) Large Matter Pod (150) Terrain Scanner Reactive Plating Reactive Plating Assault Rifle Bore Cannon Rocket Launcher Axe Axe Axe Axe Proton Bomb Trap Peak State ------------ > --- POWER ------------ Cooled Ion Engine > --- PROPULSION ------- Wheel Armored Wheel > --- UTILITY ---------- High-capacity Storage Unit High-capacity Storage Unit Signal Interpreter > --- WEAPON ----------- Heavy Assault Rifle Improved Light Cannon Mini Grenade Launcher > --- INVENTORY -------- Cooled Ion Engine Titanium Leg Wheel Wheel Wheel Medium Storage Unit High-capacity Storage Unit Large Matter Pod Large Matter Pod Terrain Scanner Reactive Plating Reactive Plating Assault Rifle Bore Cannon Rocket Launcher Axe Axe Axe Axe Proton Bomb Trap [Rating: 19] Favorites ----------- Power Ion Engine Engine Ion Engine Power Core Light Nuclear Core Propulsion Wheel Leg Aluminum Leg Wheel Wheel Utility High-capacity Storage Unit Device Terrain Scanner Storage High-capacity Storage Unit Processor Signal Interpreter Weapon Assault Rifle Energy Gun EM Pulse Gun Ballistic Gun Assault Rifle Ballistic Cannon Improved Light Cannon Launcher Rocket Launcher Special Weapon Mining Laser Slashing Weapon Axe Build | -11 -10 -10 -9 -9 ------- Run | Scr Mat Min Mat Min Slots Evolved 2 | . . . 2 . Power . | . . . . . Propulsion . | . . . . . Utility 1 | . . . 1 . Weapon 1 | . . . 1 . Parts Attached 64 | 5 16 11 30 2 Power 8 | . 1 1 6 . Engine 6 | . . 1 5 . Core 2 | . 1 . 1 . Reactor . | . . . . . Propulsion 20 | 2 6 4 7 1 Treads . | . . . . . Leg 4 | 2 2 . . . Wheel 16 | . 4 4 7 1 Hover . | . . . . . Flight . | . . . . . Utility 6 | 1 3 . 2 . Device 1 | . . . 1 . Storage 4 | 1 2 . 1 . Processor 1 | . 1 . . . Hackware . | . . . . . Protection . | . . . . . Artifact . | . . . . . Weapon 30 | 2 6 6 15 1 Energy Gun 4 | 1 2 1 . . Energy Cannon . | . . . . . Ballistic Gun 13 | 1 4 4 4 . Ballistic Cannon 3 | . . . 3 . Launcher 4 | . . . 3 1 Special Weapon 1 | . . 1 . . Impact Weapon . | . . . . . Slashing Weapon 5 | . . . 5 . Piercing Weapon . | . . . . . Special Melee Weapon . | . . . . . Unidentified Prototypes 1 | . . . 1 . Parts Lost 13 | . 1 5 3 4 Power 2 | . . 1 1 . Propulsion 5 | . . 1 2 2 Utility . | . . . . . Weapon 6 | . 1 3 . 2 Highest Loss Streak 4 | . 1 4 2 4 Average Slot Usage (%) 93 | . 92 88 98 100 Engine 4 | . . 4 9 11 Core 4 | . 12 . . . Leg 7 | . 22 . . . Wheel 18 | . 5 28 21 22 Storage 16 | . 14 14 20 22 Processor 10 | . 7 14 11 11 Energy Gun 2 | . 7 1 . . Ballistic Gun 16 | . 20 20 7 22 Ballistic Cannon 1 | . . . 3 11 Special Weapon 1 | . . 4 . . Slashing Weapon 6 | . . . 20 . Naked Turns . | . . . . . Heaviest Build 82 | 8 41 41 82 81 Greatest Support 22 | 20 20 20 22 22 Greatest Overweight (x) 7 | . 2 2 7 7 Average Overweight (x) 1 | . . 1 2 3 Largest Inventory Capacity 20 | 6 12 12 20 20 Average Capacity 13 | 5 8 12 19 20 Most Carried 20 | 3 12 12 20 20 Average Carried 11 | 1 7 11 17 20 Final Capacity 20 | 6 12 12 20 20 Final Carried 20 | 3 12 12 20 20 Class Distribution -------------------- 65% | Mutant 23% | Hauler-Mutant 8% | Hauler-Gunner 3% | Skirmisher Dominant Class ---------------- Mutant | -10/Materials Mutant | -10/Mines Hauler-Mutant | -9/Materials Hauler-Gunner | -9/Mines Resources | -11 -10 -10 -9 -9 ----------- Run | Scr Mat Min Mat Min Matter Collected 1548 | 197 478 437 413 23 Remotely . | . . . . . Salvage Created 1704 | . 487 220 970 27 Parts 95 | . 29 8 58 . Haulers Intercepted 3 | . 1 . 2 . Recyclers Shooed 2 | . . 1 1 . Parts Field Recycled . | . . . . . Retrieved Matter . | . . . . . Parts Self-Destructed . | . . . . . Prevented . | . . . . . Kills | -11 -10 -10 -9 -9 ------- Run | Scr Mat Min Mat Min Combat Hostiles Destroyed 40 | . 12 4 20 4 Melee 8 | . . . 8 . Guns 16 | . 12 2 2 . Cannons 4 | . . 1 3 . AOE 12 | . . 1 7 4 Classes Destroyed 10 | . 7 1 1 1 Worker 6 | . 1 2 3 . Builder 2 | . 1 . 1 . Tunneler 1 | . . 1 . . Hauler 3 | . 1 . 2 . Recycler 4 | . 1 1 2 . Watcher 2 | . 1 . 1 . Swarmer 16 | . 6 1 9 . Grunt 15 | . 6 3 6 . Sentry 5 | . . . 5 . Assembled 4 | . . . . 4 Thug 1 | . . . 1 . Best Kill Streak 6 | . 6 2 4 4 Combat Bots Only 5 | . 5 2 4 4 Max Kills in Single Turn 4 | . 1 1 2 4 Gunslinging . | . . . . . Exploded 4 | . . 1 2 4 Melee 1 | . . . 1 . Uniques/NPCs Destroyed . | . . . . . Combat | -11 -10 -10 -9 -9 -------- Run | Scr Mat Min Mat Min Damage Taken 2427 | . 602 464 744 617 Core 599 | . 88 131 231 149 Absorbed by Shields . | . . . . . Core Remaining (%) 56 | 100 . 12 . . Volleys Fired 105 | . 57 28 19 1 Largest 3 | . 2 2 3 1 Hottest 100 | . 60 100 97 30 Shots Fired 208 | . 114 50 43 1 Gun 182 | . 114 44 24 . Cannon 12 | . . . 12 . Launcher 8 | . . . 7 1 Special 6 | . . 6 . . Kinetic 174 | . 107 31 36 . Thermal 6 | . . 6 . . Explosive 8 | . . . 7 1 Electromagnetic 20 | . 7 13 . . Robot Hit Streak 14 | . 14 8 10 4 Robot Miss Streak 4 | . 4 2 2 . Penetration Max . | . . . . . Secondary Targets . | . . . . . Shots Hit Robots 177 | . 75 32 69 1 Core Hits 80 | . 26 12 33 9 Critical Hits 3 | . 1 . 2 . Critical Kills . | . . . . . Critical Parts Destroyed 2 | . 1 . 1 . Melee Attacks 61 | . . . 61 . Impact . | . . . . . Slashing 61 | . . . 61 . Piercing . | . . . . . Sneak Attacks 9 | . . . 9 . Combat Hostiles . | . . . . . Follow-up Attacks 12 | . . . 12 . Damage Inflicted 4725 | . 774 431 3172 348 Guns 1171 | . 774 274 123 . Cannons 127 | . . . 127 . Explosions 1058 | . . 37 673 348 Melee 2249 | . . . 2249 . Ramming . | . . . . . Kinetic 1120 | . 700 170 250 . Thermal 157 | . . 157 . . Explosive 1021 | . . . 673 348 Electromagnetic 178 | . 74 104 . . Impact . | . . . . . Slashing 2249 | . . . 2249 . Piercing . | . . . . . Highest Corruption . | . . . . . Average Corruption . | . . . . . Corruption Purged . | . . . . . Overload Shots . | . . . . . Overflow Damage 300 | . . . 287 13 Projectiles . | . . . . . Explosions 39 | . . . 26 13 Melee 261 | . . . 261 . Knockbacks 1 | . . . 1 . Impact . | . . . . . Kinetic 1 | . . . 1 . Secondary . | . . . . . Self-Inflicted Damage 49 | . . . . 49 Shots 1 | . . . . 1 Rammed . | . . . . . Targets Rammed . | . . . . . Kicked . | . . . . . Crushed . | . . . . . Highest Temperature 45 | . 42 6 45 15 Average Temperature 9 | . 7 3 15 10 Received Heat Transfer 760 | . 162 90 288 220 Siege Activations . | . . . . . Robots Corrupted . | . . . . . Combat Hostiles . | . . . . . Parts Fried . | . . . . . Impact Corruptions . | . . . . . Robots Melted . | . . . . . Combat Hostiles . | . . . . . Parts Melted . | . . . . . Heat Transferred 350 | . . 350 . . Parts Sabotaged . | . . . . . Parts Stolen . | . . . . . Parts Stripped . | . . . . . Power Chain Reactions 1 | . . 1 . . Missiles Intercepted . | . . . . . Alert | -11 -10 -10 -9 -9 ------- Run | Scr Mat Min Mat Min Peak Influence 236 | . 194 199 236 39 Initial 39 | . . 36 . 39 Average 101 | . 121 103 93 37 Maximum Alert Level 1 | . . . 1 . Low Security (%) 99 | 100 100 100 97 100 Level 1 . | . . . 2 . Level 2 . | . . . . . Level 3 . | . . . . . Level 4 . | . . . . . Level 5 . | . . . . . High Security . | . . . . . Max Security . | . . . . . Squads Dispatched 4 | . 2 1 1 . Investigation 1 | . 1 . . . Extermination . | . . . . . Reinforcement 2 | . 1 . 1 . Assault 1 | . . 1 . . Garrison . | . . . . . Intercept . | . . . . . Construction Impeded . | . . . . . Haulers Reinforced . | . . . . . Stealth | -11 -10 -10 -9 -9 --------- Run | Scr Mat Min Mat Min Distress Signals 2 | . . . 2 . Communications Jammed . | . . . . . Distress Signals . | . . . . . Times Spotted 82 | . 22 13 30 17 Peak Tracking Total 17 | . 5 3 6 17 Tactical Retreats 5 | . 1 1 3 . Traps | -11 -10 -10 -9 -9 ------- Run | Scr Mat Min Mat Min Traps Triggered 1 | . 1 . . . Indirectly . | . . . . . Trap Hack Attempts . | . . . . . Triggered . | . . . . . Disarmed . | . . . . . Reprogrammed . | . . . . . Reused . | . . . . . Traps Extracted . | . . . . . Installed . | . . . . . Triggered . | . . . . . Machines | -11 -10 -10 -9 -9 ---------- Run | Scr Mat Min Mat Min Machines Disabled 1 | . . . 1 . Max in Single Turn 1 | . . . 1 . Machines Sabotaged . | . . . . . Garrisons Compromised . | . . . . . Overloaded Fab Kills . | . . . . . Fab Network Shutdowns . | . . . . . Hacking | -11 -10 -10 -9 -9 --------- Run | Scr Mat Min Mat Min Machines Accessed 19 | . 10 . 9 . Terminals 14 | . 7 . 7 . Fabricators . | . . . . . Repair Stations 2 | . 1 . 1 . Recycling Units 2 | . 2 . . . Scanalyzers 1 | . . . 1 . Garrison Access . | . . . . . Total Hacks 48 | . 26 . 22 . Successful 23 | . 12 . 11 . Failed 25 | . 14 . 11 . Catastrophic 4 | . 3 . 1 . Database Lockouts . | . . . . . Manual 15 | . 8 . 7 . Terminals 35 | . 17 . 18 . Fabricators . | . . . . . Repair Stations 7 | . 5 . 2 . Recycling Units 4 | . 4 . . . Scanalyzers 2 | . . . 2 . Garrison Access . | . . . . . Terminal Hacks 14 | . 8 . 6 . Branch Access Points 2 | . 1 . 1 . Emergency Access Points 1 | . 1 . . . Terminal Index 1 | . . . 1 . Unreport Threat 2 | . . . 2 . Locate Traps 3 | . 1 . 2 . Patrol Status 1 | . 1 . . . Hauler Manifests 1 | . 1 . . . Registered Components 1 | . 1 . . . Zone Layout 2 | . 2 . . . Fabricator Hacks . | . . . . . Repair Station Hacks 4 | . 2 . 2 . Scan Component 2 | . 1 . 1 . Repair 2 | . 1 . 1 . Recycling Unit Hacks 1 | . 1 . . . Retrieve Components 1 | . 1 . . . Scanalyzer 2 | . . . 2 . Insert Component 1 | . . . 1 . Analyze 1 | . . . 1 . Garrison Access Hacks . | . . . . . Unauthorized Hacks 2 | . 1 . 1 . Terminals 2 | . 1 . 1 . Botnet 2 | . 1 . 1 . Fabricators . | . . . . . Repair Stations . | . . . . . Recycling Units . | . . . . . Scanalyzers . | . . . . . Garrison Access . | . . . . . Data Cores Recovered . | . . . . . Used . | . . . . . Hacking Detections 16 | . 7 . 9 . Full Trace Events . | . . . . . Feedback Events . | . . . . . Feedback Blocked . | . . . . . Robot Schematics Acquired . | . . . . . Robots Built . | . . . . . Matter . | . . . . . Time . | . . . . . Total Robot Build Rating . | . . . . . Part Schematics Acquired 1 | . . . 1 . Parts Built . | . . . . . Matter . | . . . . . Time . | . . . . . Total Part Build Rating . | . . . . . Parts Repaired 2 | . 1 . 1 . Time 52 | . 26 . 26 . Parts Recycled . | . . . . . Recycled Matter . | . . . . . Retrieved Matter . | . . . . . Retrieved Components 2 | . 2 . . . Parts Scanalyzed 1 | . . . 1 . Part Schematics Acquired 1 | . . . 1 . Parts Damaged . | . . . . . Bothacking | -11 -10 -10 -9 -9 ------------ Run | Scr Mat Min Mat Min Used RIF Installer . | . . . . . Robots Hacked . | . . . . . Non-combat . | . . . . . Combat . | . . . . . Robot Hacks Applied . | . . . . . Relay Couplers Released . | . . . . . Robots Rewired . | . . . . . Allies Hacked . | . . . . . Hacks Repelled . | . . . . . Allies | -11 -10 -10 -9 -9 -------- Run | Scr Mat Min Mat Min Total Allies 4 | . . 4 . . Largest Group 4 | . . 4 3 . Highest-Rated Group 71 | . . 71 50 . Highest-Rated Ally 31 | . . 31 26 . Total Orders . | . . . . . Ally Attacks 22 | . . 19 3 . Total Damage 233 | . . 199 34 . Kills 7 | . . 6 1 . Allies Corrupted . | . . . . . Allies Melted . | . . . . . Intel | -11 -10 -10 -9 -9 ------- Run | Scr Mat Min Mat Min Robot Analysis Total . | . . . . . Derelict Logs Recovered 1 | . . 1 . . Drone Launches . | . . . . . Drone Recoveries . | . . . . . Exploration | -11 -10 -10 -9 -9 ------------- Run | Scr Mat Min Mat Min Turns Passed 2705 | 69 895 801 863 77 Spaces Moved 1872 | 52 570 699 489 62 Core 7 | 7 . . . . Treads . | . . . . . Legs 469 | 45 424 . . . Wheels 1396 | . 146 699 489 62 Hover . | . . . . . Flight . | . . . . . Fastest Speed 50 | 50 80 90 100 115 Average Speed 103 | 110 113 90 109 115 Slowest Speed 150 | 120 120 100 150 150 Overloaded Moves . | . . . . . Propulsion Burnouts . | . . . . . Robots Hopped . | . . . . . Cave-ins Triggered . | . . . . . Exploration Rate (%) 53 | 4 98 96 53 18 Regions Visited 4 Branch Regions 2 Pre-discovered Areas 1 | . . 1 . . Known Exits Taken 3 | . 1 1 1 . Unknown Exits Taken 1 | 1 . . . . Scrap Searched 3 | . . 2 . 1 Spaces Dug . | . . . . . Terrain Destroyed 84 | . . 8 61 15 Melee . | . . . . . Projectile 2 | . . . 2 . AOE 82 | . . 8 59 15 Terrain Rammed . | . . . . . Walls Destroyed . | . . . . . Machines Disabled . | . . . . . Actions | -11 -10 -10 -9 -9 --------- Run | Scr Mat Min Mat Min Total 2340 | 61 711 808 695 65 Wait 198 | 2 44 61 91 . Move 1868 | 51 569 698 488 62 Hop . | . . . . . Pick Up 30 | 3 13 4 10 . Fast Attach 20 | 5 5 4 6 . Attach 8 | . 1 2 5 . Detach 6 | . 2 . 4 . Swap 36 | . 10 5 19 2 Drop 25 | . 10 6 9 . Fire 105 | . 57 28 19 1 Melee 44 | . . . 44 . Ram . | . . . . . Kick . | . . . . . Crush . | . . . . . Escape Stasis . | . . . . . Rewire . | . . . . . Trap . | . . . . . Miscellaneous . | . . . . . Route ------- -11/Scrapyard -10/Materials (discovered 4 exits: *Mat x3 / *Min) -10/Mines (discovered 2 exits: *Mat x2) -9/Materials (discovered 2 exits: [*Mat] / *Min) -9/Mines History --------- Turn | Location | Event 3 | -11/Scrapyard | Discovered new exit (range 15) 70 | -11/Scrapyard | Entered Materials 305 | -10/Materials | Build established: Mutant 313 | -10/Materials | Repaired Assault Rifle 322 | -10/Materials | Discovered new exit (range 15) 410 | -10/Materials | Identified exit to Mines 622 | -10/Materials | Discovered new exit (range 16) 698 | -10/Materials | Discovered new exit (range 13) 711 | -10/Materials | Identified exit to Materials 965 | -10/Materials | Entered Mines 1028 | -10/Mines | Core integrity fell below 50% 1074 | -10/Mines | Lost 4 parts (1n3w) 1114 | -10/Mines | A weapon hastily lodged in a ceiling crevice suddenly fell to the ground 1171 | -10/Mines | Found a hidden stash of uninstalled traps 1212 | -10/Mines | Met a Derelict testing a Signal Generator 1222 | -10/Mines | Discovered exit to Materials (range 10) 1278 | -10/Mines | Assisted by bots powering up and referring to "LRC-V3" 1369 | -10/Mines | Core integrity fell below 20% 1432 | -10/Mines | Discovered exit to Materials (range 14) 1646 | -10/Mines | Received a Rocket Launcher from a helpful Derelict 1766 | -10/Mines | Entered Materials 1766 | -9/Materials | Accompanied by 3 allies 1766 | -9/Materials | Evolved 2 slots: Utility x1, Weapon x1 2166 | -9/Materials | Build established: Hauler-Mutant 2254 | -9/Materials | Identified exit to Mines 2385 | -9/Materials | Discovered new exit (range 15) 2471 | -9/Materials | Repaired Assault Rifle 2481 | -9/Materials | Core integrity fell below 50% 2629 | -9/Materials | Entered Mines 2678 | -9/Mines | Assembled infested the area 2705 | -9/Mines | Core integrity fell below 20% 2706 | -9/Mines | Self-destructed Last Messages --------------- 02661_ Searching scrap... 02661_ Found Tractor Beam. 02661_ Found Welding Torch. 02661_ Found Plasma Cutter. 02661_ Found 22 Matter. 02662_ Acquired 22 matter. 02678_ ALERT: Infestation in the mines, dispatching Demolisher response squad. 02685_ T-07 Excavator destroyed. 02703_ Hvy. Assault Rifle destroyed. 02703_ Destroyed Asb. Hover Unit. 02703_ as-47097 destroyed. 02703_ Wheel destroyed. 02703_ Destroyed Wheel. 02703_ as-49111 destroyed. 02703_ as-95318 destroyed. 02703_ as-69287 destroyed. 02704_ Mni. Grenade Launcher destroyed. 02705_ Acquired 1 matter. 02706_ Wheel destroyed. Map ----- +----------------------------------------------------+ | | | | | | | | | | | | | | | | | | | | | | | ??????????????????????????????? | | ??????????????????????????????? | | ??????????????????????????????? | | ??????????????????????????????? | | ??????????????????????????????? | | ??????????????????????????????? | | ??????????????????????????????? | | ??????????????????????????????? | | ????????????????##????????????? | | ???????????????## #???????????? | | ???????????????# ##?????????? | | ????????? #### ##????????? | | ???????????? a #########? | | ?????????#?????# #? | | ?????????# ?????# % @ #? | | ?????????# ????## a a # | | ????????## #????## a% %a # | | ???????## ###?## aaa ## | | ????? ## ## a a #? | | ????? a a ####? | | ????????# * a ##???? | | ????????###%= = #???? | | ??????????## !!% #???? | | ???????????## ##%| ##???? | | ????????????###?# # ##????? | | ????????????????# ## ##?????? | | ????????????????# #####??????? | | ????????????????# ##?????????? | | ????????????????# ! ##????????? | | ??????????????### !!!#????????? | | ?????????????## = #####????? | | ?????????????# ! #????? | | ?????????????# ###### #????? | | ?????????????## ##????#!#????? | | ??????????????###??????# #????? | | ???????????????????????#|#????? | | ???????????????????????#|#????? | | ???????????????????????# #????? | | ??????????????????????## #????? | +----------------------------------------------------+ Best States ------------- Heat Dissipation 28 Energy Generation 14 Energy Capacity 280 Matter Stores 300 Matter Capacity 300 Sight Range 16 Terrain Scan Range 14 Terrain Scan Density 10 Evasion (%) 44 Item Schematics ----------------- Rocket Launcher | -9/Materials | Scanalyzed Robot Schematics ------------------ None Fabricated ------------ Nothing Alien Tech Used ----------------- None Achievements -------------- None Challenges ------------ None Game ------ Seed RelayImprinterScanner Manual? 1 Play Time 00:36:25 Cumulative 237.1 hours Start 2020.11.01 @ 22:39:56 End 2020.11.02 @ 18:52:16 Sessions 2 Manual Loads 0 Difficulty Rogue Special Mode None Game No. 91 Rogue 55 Adventurer 36 Explorer 0 Win Type - Total 9 Types 9/0/0/0/0/0/0/0/0 Lore% 47 Gallery% 55 Achievement% 41 Wizard Run 0 Options --------- ASCII 0 Keyboard 1 Movement Vi Keybinds 0 Fullscreen 1 Font 18/Terminus Map View 76x50 Tactical HUD 1 Map Filters NONE Filters NONE Steam 0 RUN: 12c712f1-ad68-4556-89bc-fb601677c7db